 Dungeon Crawl Stone Soup version 0.29.0-11-gd7f09526c8 (webtiles) character file.

Game seed: 8890154644339301785

2499 inmateoo the Ruffian (level 9, -1/88 HPs)
             Began as a Troll Fire Elementalist on Sept 4, 2022.
             Was a Believer of Uskayaw.
             Succumbed to a hornet's poison
             ... while paralysed by a hornet
             ... on level 7 of the Dungeon.
             The game lasted 00:08:14 (5714 turns).

inmateoo the Ruffian (Troll Fire Elementalist)      Turns: 5714, Time: 00:08:14

Health: -1/88      AC:  6    Str: 20    XL:     9   Next: 28%
Magic:  11/11      EV:  1    Int: 11    God:    Uskayaw [**....]
Gold:   525        SH:  0    Dex: 10    Spells: 9/10 levels left

rFire   . . .      SeeInvis .     - Unarmed
rCold   . . .      Faith    .   (no shield)
rNeg    . . .      Spirit   .   a - +1 robe
rPois   .          Reflect  .   s - +1 hat
rElec   .          Harm     .   (no cloak)
rCorr   +          Rampage  .   (gloves unavailable)
Will    .....                   (boots unavailable)
Stlth   +.........              (no amulet)
HPRegen 1.04/turn               h - +4 ring of evasion
MPRegen 0.12/turn               y - ring of resist corrosion

@: paralysed, lethally poisoned (-1 -> -4), slowed
A: large, unfitting armour, claws 3, regeneration 1, shaggy fur 1, tough skin 1,
clumsy 1, screaming 1
a: Renounce Religion, Stomp, Line Pass


You were on level 7 of the Dungeon.
You worshipped Uskayaw.
Uskayaw was noncommittal.
You visited 1 branch of the dungeon, and saw 7 of its levels.
You also visited: Sewer.

You collected 525 gold pieces.

Inventory:

Missiles
 c - 55 stones (quivered)
Armour
 a - a +1 robe (worn)
 s - a +1 hat (worn)
Jewellery
 h - a +4 ring of evasion (left claw)
 u - an amulet of the acrobat
 y - a ring of resist corrosion (right claw)
 B - an amulet of regeneration
Wands
 f - a wand of charming (9)
 k - a wand of light (11)
 t - a wand of polymorph (1)
Scrolls
 g - 2 scrolls of summoning
 n - 4 scrolls of fog
 p - a scroll of fear
 q - 2 scrolls of blinking
 w - 2 scrolls of enchant weapon
 x - 2 scrolls of teleportation
Potions
 b - 10 potions of magic
 d - 3 potions of haste
 e - 2 potions of flight
 i - a potion of attraction
 j - 3 potions of curing
 l - 5 potions of might {unknown}
 m - 3 potions of brilliance {unknown}
 o - a potion of resistance
 r - a potion of heal wounds
 v - a potion of degeneration {unknown}
 z - a potion of ambrosia {unknown}


   Skills:
 - Level 5.0 Fighting
 - Level 5.0 Throwing
 + Level 4.7 Dodging
 - Level 1.0 Stealth
 - Level 5.0 Unarmed Combat
 - Level 1.2 Spellcasting
 - Level 0.6 Conjurations
 - Level 2.1 Fire Magic
 + Level 4.9 Invocations


You had 9 spell levels left.
You knew the following spells:

 Your Spells              Type           Power      Damage    Failure   Level
a - Foxfire               Conj/Fire      12%        2x1d4     19%         1

Your spell library contained the following spells:

 Spells                   Type           Power      Damage    Failure   Level
 Scorch                   Fire           10%        2d6       19%         2
 Sandblast                Erth           0%         2d4       32%         1
 Sting                    Tmut/Pois      0%         1d3       32%         1
 Passwall                 Tmut/Erth      0%         N/A       43%         2
 Poisonous Vapours        Pois/Air       0%         N/A       43%         2
 Sublimation of Blood     Necr           0%         N/A       43%         2
 Wereblood                Tmut           0%         N/A       43%         2
 Conjure Flame            Conj/Fire      3%         6-21      47%         3
 Inner Flame              Hex/Fire       3%         N/A       52%         3
 Ignite Poison            Fire/Tmut/Pois 2%         N/A       56%         3
 Stone Arrow              Conj/Erth      2%         3d7       63%         3
 Mephitic Cloud           Conj/Pois/Air  1%         N/A       65%         3
 Flame Wave               Conj/Fire      3%         2d5       87%         4
 Olgreb's Toxic Radiance  Pois           0%         N/A       97%         4
 Freezing Cloud           Conj/Ice/Air   0%         6-21      100%        5
 Lightning Bolt           Conj/Air       0%         1d11      100%        5
 Statue Form              Tmut/Erth      0%         N/A       100%        6
 Summon Hydra             Summ           0%         N/A       100%        7


Dungeon Overview and Level Annotations

Branches:
Dungeon (7/15)             Temple (0/1) D:4           Sewer (visited)

Altars:
Cheibriados
Dithmenos
Makhleb
Nemelex Xobeh
Qazlal
Sif Muna
Uskayaw
Vehumet
Wu Jian
Xom
Yredelemnul

Annotations:
D:5 1 transporter, Plasmagod's ghost, novice TrFi


Innate Abilities, Weirdness & Mutations

You are too large for most types of armour.
You have claws for hands.
Your natural rate of healing is unusually fast.
You are covered in fur. (AC +1)
You have tough skin. (AC +1)
You are clumsy. (Dex -2)
You occasionally shout uncontrollably at your foes.


Message History

You feel yourself slow down.
You scratch the hornet but do no damage.
The hornet is moderately wounded.
You feel yourself speed up.
You feel very sick. The hornet stings you!
You feel yourself slow down. The hornet misses you.
You scratch the hornet but do no damage.
The hornet is moderately wounded.
You feel very sick. The hornet stings you.
You feel as though you will be slow longer.
The hornet stings you.
You are more poisoned.
You feel as though you will be slow longer.
You scratch the hornet.
The hornet is moderately wounded.
You feel very sick. The hornet barely misses you. The hornet stings you.
You are more poisoned.
You feel as though you will be slow longer.
You are too injured to fight recklessly!
You scratch the hornet but do no damage.
The hornet is moderately wounded.
You feel extremely sick. The hornet completely misses you.
The hornet stings you but does no damage.
You claw the hornet!
The hornet is severely wounded.
You feel very sick. The hornet stings you!
* * * LOW HITPOINT WARNING * * *
You suddenly lose the ability to move!
The hornet completely misses you.
You can now pass through a line of other dancers.
You feel sick. The hornet stings you!
* * * LOW HITPOINT WARNING * * *
You feel as though you will be slow longer.
The hornet stings you!
* * * LOW HITPOINT WARNING * * *
You shrug off the repeated paralysis!
You die...

#######.## ..........
#######.## #.##
#####################.##
.....................†##
##.........#########...#
.......................+
......y@..<#########...#
................. #...#
....######......$ #####
... #....... . ########


You could see a hornet.

Vanquished Creatures
  Joseph (D:7)
  A hornet (D:7)
  A steam dragon (D:6)
  Menkaure (D:5)
  A black bear (D:4)
  2 ogres
  2 bullfrogs (Sewer)
  A necrophage (D:6)
  2 scorpions
  10 killer bees (D:7)
  2 howler monkeys
  3 hounds
  An orc priest (D:6)
  A gnoll bouda (D:4)
  2 iguanas
  3 orc wizards
  14 adders
  8 gnolls
  3 river rats (Sewer)
  A white imp (D:6)
  An ufetubus (D:5)
  A worm (D:3)
  20 orcs
  6 endoplasms
  4 giant cockroaches
  A goblin (D:1)
  6 hobgoblins
  5 jackals (D:2)
  10 quokkas
  21 ball pythons
  A bat (D:1)
  5 frilled lizards
  6 kobolds
  26 rats
173 creatures vanquished.

Vanquished Creatures (others)
  An adder (D:6)
  A white imp (D:6)
2 creatures vanquished.

Grand Total: 175 creatures vanquished

Notes
Turn   | Place    | Note
-------+----------+-------------------------------------------
     0 | D:1      | inmateoo the Troll Fire Elementalist began the quest for
                  | the Orb.
     0 | D:1      | Reached XP level 1. HP: 16/16 MP: 1/1
     6 | D:1      | Noticed a black bear
     6 | D:1      | Noticed a snapping turtle
     7 | D:1      | Noticed a water moccasin
   144 | D:1      | Found a faded altar of an unknown god.
   181 | D:1      | Prayed at the altar of an unknown god.
   181 | D:1      | Became a worshipper of Uskayaw the Reveller
   181 | D:1      | Reached * piety under Uskayaw
   346 | D:1      | Reached XP level 2. HP: 26/26 MP: 2/2
   751 | D:2      | Reached skill level 1 in Fighting
   751 | D:2      | Reached skill level 1 in Throwing
   751 | D:2      | Reached skill level 1 in Unarmed Combat
   781 | D:2      | Reached ** piety under Uskayaw
   954 | D:2      | Reached XP level 3. HP: 20/33 MP: 3/3
  1403 | D:2      | Noticed an ogre
  1408 | D:2      | Killed an ogre
  1409 | D:2      | Reached XP level 4. HP: 27/42 MP: 4/4
  1676 | D:3      | Found a basalt altar of Yredelemnul.
  1693 | D:3      | Reached XP level 5. HP: 49/49 MP: 5/5
  2315 | D:4      | Found a staircase to the Ecumenical Temple.
  2345 | D:4      | Reached *** piety under Uskayaw
  2455 | D:4      | Found a glowing drain.
  2480 | Sewer    | Entered a sewer
  2676 | Sewer    | Reached XP level 6. HP: 25/59 MP: 6/6
  2857 | Sewer    | Gained mutation: You occasionally shout uncontrollably at
                  | your foes. [potion of mutation]
  2857 | Sewer    | Gained mutation: You are clumsy. (Dex -2) [potion of
                  | mutation]
  2878 | Sewer    | Reached **** piety under Uskayaw
  2891 | Sewer    | Reached ***** piety under Uskayaw
  2983 | D:4      | Reached XP level 7. HP: 61/67 MP: 7/7
  3327 | D:4      | Found a snail-covered altar of Cheibriados.
  3425 | D:4      | Found an ornate altar of the Wu Jian Council.
  3489 | D:4      | Got the Grimoire of Reformation and Breath
  3696 | D:5      | Entered Level 5 of the Dungeon
  3697 | D:5      | Found a transporter.
  4278 | D:5      | Noticed Menkaure
  4284 | D:5      | Killed Menkaure
  4285 | D:5      | Reached skill level 5 in Unarmed Combat
  4285 | D:5      | Reached skill level 1 in Invocations
  4285 | D:5      | Reached XP level 8. HP: 58/78 MP: 8/8
  4374 | D:5      | Noticed Plasmagod's ghost (novice TrFi)
  4623 | D:6      | Found a radiant altar of Vehumet.
  4799 | D:6      | Found a shimmering altar of Xom.
  4828 | D:6      | Found a sparkling altar of Nemelex Xobeh.
  4894 | D:6      | Reached skill level 5 in Throwing
  4931 | D:6      | Found a stormy altar of Qazlal.
  5002 | D:6      | Found a shadowy altar of Dithmenos.
  5002 | D:6      | Found a burning altar of Makhleb.
  5044 | D:6      | Found a shimmering blue altar of Sif Muna.
  5101 | D:7      | Noticed a hornet
  5112 | D:7      | Paralysed by a hornet for 1 turns
  5115 | D:7      | Killed a hornet
  5120 | D:7      | Reached skill level 5 in Fighting
  5241 | D:7      | Noticed Joseph
  5258 | D:7      | Killed Joseph
  5259 | D:7      | Reached XP level 9. HP: 22/88 MP: 6/11
  5706 | D:7      | Paralysed by a hornet for 1 turns
  5712 | D:7      | Paralysed by a hornet for 3 turns
  5713 | D:7      | HP: 1/88 [hornet (14)]
  5714 | D:7      | Succumbed to a hornet's poison

Illustrated notes

Levels and vault maps discovered:
D:1:      onia_arrival_zoo_common, layout_loops_ring,
          hellmonk_ecumenical_altar_lost_god, minmay_crystal_room
D:2:      layout_basic
D:3:      layout_loops_ring, mainiacjoe_overflow_surrounded_room, minivault_26,
          roderic_three_in_a_row, minivault_19
D:4:      layout_loops_ring, mainiacjoe_overflow_tiny_flanked,
          kennysheep_mini_moat, minmay_temple_entry_large_hall,
          gup_sewer_entry_pipe, minmay_misc_feat_ornament
D:5:      layout_loops_ring, gammafunk_ghost_abyssal_escape, uniq_menkaure
D:6:      layout_rooms, marbit_many_paths, mainiacjoe_overflow_cross_hatched,
          mainiacjoe_overflow_chevrons, mainiacjoe_overflow_alcove_4,
          gammafunk_temple_overflow_statue, led_sif_pool
D:7:      layout_basic, grunt_tough_drop, uniq_joseph

Skill      XL: |  1  2  3  4  5  6  7  8 |
---------------+-------------------------+-----
Fighting       | 1 2 3 4 5 |  5.0
Throwing       | 1 2 3 4 5 |  5.0
Unarmed Combat | 1 2 3 4 5 |  5.0
Invocations    | 1 4 |  4.9
Dodging        | 4 |  4.7
Stealth        | |  1.0
Spellcasting   | |  1.2
Conjurations   | |  0.6
Fire Magic     | |  2.1

Action                   |  1- 3 |  4- 6 |  7- 9 || total
-------------------------+-------+-------+-------++-------
Melee: Unarmed           |    98 |   187 |   230 ||   515
       Punch             |     1 |     2 |     8 ||    11
Throw: Throwing net      |       |       |     1 ||     1
Invok: Stomp             |       |     1 |     1 ||     2
Evoke: Wand              |       |       |     6 ||     6
  Use: Scroll            |     4 |     5 |     5 ||    14
       Potion            |       |     6 |       ||     6
 Stab: Sleeping          |     1 |       |       ||     1
       Paralysed         |       |     2 |    11 ||    13
Armor: Robe              |    31 |    46 |    60 ||   137
       Skin              |       |    77 |       ||    77
Dodge: Dodged            |    59 |   169 |   175 ||   403
